 Dungeon Crawl Stone Soup version 0.18-a0-1805-g8ab820f (webtiles) character file.

1628 dvd the Quickloader (level 8, 0/66 HPs)
             Began as a Minotaur Hunter on Apr 26, 2016.
             Slain by a killer bee (2 damage)
             ... on level 8 of the Dungeon.
             The game lasted 00:20:30 (5042 turns).

dvd the Quickloader (Minotaur Hunter)               Turns: 5042, Time: 00:20:31

Health: 0/66       AC:  7    Str: 19    XL:     8   Next: 65%
Magic:  7/7        EV: 15    Int: 11    God:
Gold:   337        SH:  0    Dex: 13    Spells: 0 memorised, 7 levels left

rFire  . . .     SeeInvis .     k - +1 morningstar (venom)
rCold  + + .     Gourm    .     n - +1 robe of Greed {+Fly rC++ Regen+ Slay-2}
rNeg   . . .     Faith    .     (no shield)
rPois  .         Spirit   .     (helmet restricted)
rElec  .         Dismiss  .     D - +2 cloak
rCorr  .         Reflect  .     x - +0 pair of gloves
SustAt .         Harm     .     (no boots)
MR     .....                    (no amulet)
Stlth  ++........               v - +2 ring of dexterity
                                l - +3 ring of intelligence

@: not resistant to hostile enchantments, unstealthy
A: retaliatory headbutt, horns 2
a: Evoke Flight


You were on level 8 of the Dungeon.
You were hungry.

You visited 1 branch of the dungeon, and saw 7 of its levels.

You collected 337 gold pieces.

Inventory:

Hand Weapons
 a - a +2 hand crossbow
 b - a +1 quarterstaff of protection
 c - a +0 war axe
 k - a +1 morningstar of venom (weapon)
 s - a +3 flail of holy wrath
 F - a cursed -1 shortbow
 G - the +1 trident of Rududd {drain, Str+4 Dex+3}
   (You found it on level 5 of the Dungeon)

   A truly terrible weapon, it drains the life of those it strikes.
   It affects your strength (+4).
   It affects your dexterity (+3).
Missiles
 d - 13 bolts
 h - 5 javelins (quivered)
 K - 6 arrows
Armour
 i - a +0 ring mail
 n - the +1 robe of Greed (worn) {+Fly rC++ Regen+ Slay-2}
   (You found it on level 4 of the Dungeon)

   It affects your accuracy and damage with ranged weapons and melee attacks
   (-2).
   It greatly protects you from cold.
   It lets you fly.
   It increases your rate of regeneration.
 x - a +0 pair of gloves (worn)
 D - a +2 cloak (worn)
 L - a +0 shield
Jewellery
 l - a +3 ring of intelligence (left hand)
 p - an uncursed ring of sustain attributes
 v - a +2 ring of dexterity (right hand)
 M - an uncursed amulet of faith
Wands
 I - a wand of acid (0/15)
 J - a wand of slowing (29/48)
Scrolls
 w - 3 scrolls of identify
 B - 3 scrolls of recharging
 H - a scroll of amnesia
Potions
 e - 2 potions of cancellation
 j - a potion of invisibility {unknown}
 m - a potion of might {unknown}
 o - 2 potions of resistance {unknown}
 q - a potion of ambrosia {unknown}
 r - a potion of lignification {unknown}
 t - 3 potions of degeneration {unknown}
 A - 2 potions of magic
 C - a potion of heal wounds {unknown}
 E - 2 potions of flight {unknown}
Comestibles
 f - 6 bread rations
 g - 3 meat rations
 z - 4 fruits


   Skills:
 + Level 4.1 Fighting
 + Level 1.4(2.1) Maces & Flails
 + Level 0.5(1.5) Polearms
 + Level 2.2(2.5) Staves
 + Level 9.0 Crossbows
 + Level 2.0 Throwing
 + Level 3.7 Armour
 + Level 6.5 Dodging
 + Level 2.0 Stealth


You had 7 spell levels left.
You didn't know any spells.

Dungeon Overview and Level Annotations

Branches:
Dungeon (6/15)
 Temple: D:4-7

Altars:
Fedhas
Trog
Yredelemnul
Zin


Innate Abilities, Weirdness & Mutations

You reflexively headbutt those who attack you in melee.
You have a pair of horns on your head.


Message History

You kill the killer bee!
Evoking this partially-identified wand wasted a few charges.
The killer bee stings you.
* * * LOW HITPOINT WARNING * * *
The killer bee stings you.
* * * LOW HITPOINT WARNING * * *
The killer bee closely misses you. The killer bee misses you.
Drink which item? (? for menu, Esc to quit)
You feel better. The killer bee barely misses you. The killer bee stings you.
* * * LOW HITPOINT WARNING * * *
You are poisoned.
The killer bee poisons you! The killer bee stings you!
* * * LOW HITPOINT WARNING * * *
The killer bee barely misses you. You furiously retaliate!
You headbutt the killer bee!
Drink which item? (? for menu, Esc to quit)
You feel better. The killer bee stings you!
* * * LOW HITPOINT WARNING * * *
The killer bee stings you.
You die...

#. #..
#..§....§...§§... #
### #
#.#.≈≈≈≈≈.y≈§≈≈.≈
##.##.#.§###§.§###≈.§
#......§≈# #≈.§# ≈
#..##y#.≈# #≈§≈# #.
#y#.≈≈≈≈≈.≈≈≈ #
#.#........§..
##..##.####..######
.......yyy@y......
.###.############# ..
##


You could see 4 killer bees.

Vanquished Creatures
  Sigmund (D:4)
  Edmund (D:4)
  A phantom (D:4)
  A black bear (D:6)
  An ogre (D:5)
  A centaur (D:8)
  A giant frog (D:5)
  2 scorpions
  A water moccasin skeleton (D:6)
  2 killer bees (D:8)
  A lava snake (D:8)
  3 crimson imps
  An orc wizard (D:4)
  Natasha (twice) (D:2)
  Ijyb (D:2)
  3 iguanas (D:4)
  6 worker ants
  A howler monkey skeleton (D:8)
  12 adders
  An ooze (D:2)
  2 adder skeletons
  4 worms
  A dart slug (D:1)
  2 giant geckos
  12 orcs
  6 giant cockroaches
  2 gnoll zombies (D:3)
  3 goblins
  9 hobgoblins
  13 jackals
  7 kobolds
  2 quokkas
  2 ball pythons
  9 bats
  9 giant newts
  7 rats
133 creatures vanquished.

Notes
Turn   | Place    | Note
--------------------------------------------------------------
     0 | D:1      | dvd the Minotaur Hunter began the quest for the Orb.
     0 | D:1      | Reached XP level 1. HP: 18/18 MP: 0/0
   143 | D:1      | Reached XP level 2. HP: 19/25 MP: 1/1
   495 | D:1      | Reached skill level 5 in Crossbows
   629 | D:2      | Reached XP level 3. HP: 30/30 MP: 2/2
   992 | D:2      | Noticed Ijyb
  1001 | D:2      | Killed Ijyb
  1001 | D:2      | Reached skill level 1 in Armour
  1001 | D:2      | Reached XP level 4. HP: 31/37 MP: 3/3
  1221 | D:2      | Noticed Natasha
  1226 | D:2      | Killed Natasha
  1309 | D:2      | Noticed Natasha
  1317 | D:2      | Killed Natasha
  1317 | D:2      | Reached skill level 6 in Crossbows
  1317 | D:2      | Reached skill level 1 in Stealth
  1317 | D:2      | Reached XP level 5. HP: 44/44 MP: 4/4
  1564 | D:3      | Found a faded altar to an unknown god.
  2094 | D:3      | Found a basalt altar of Yredelemnul.
  2225 | D:3      | Found a bloodstained altar of Trog.
  2432 | D:4      | Noticed Sigmund
  2435 | D:4      | Got a distressingly furry robe
  2456 | D:4      | Killed Sigmund
  2456 | D:4      | Reached XP level 6. HP: 17/51 MP: 5/5
  2662 | D:4      | Identified the cursed +1 robe of Greed {+Fly rC++ Regen+ Slay-2} (You found it on level 4 of the Dungeon)
  3024 | D:4      | Reached skill level 7 in Crossbows
  3024 | D:4      | Reached skill level 1 in Throwing
  3107 | D:4      | Noticed Edmund
  3125 | D:4      | Killed Edmund
  3125 | D:4      | Reached XP level 7. HP: 52/57 MP: 6/6
  3224 | D:4      | Reached skill level 1 in Staves
  3648 | D:5      | Entered Level 5 of the Dungeon
  3654 | D:5      | Reached skill level 1 in Maces & Flails
  3693 | D:5      | Found a glowing silver altar of Zin.
  3694 | D:5      | Found a blossoming altar of Fedhas.
  3725 | D:5      | Reached skill level 8 in Crossbows
  3725 | D:5      | Reached skill level 5 in Dodging
  3777 | D:5      | Got a slimy trident
  3778 | D:5      | Identified the cursed +1 trident of Rududd {drain, Str+4 Dex+3} (You found it on level 5 of the Dungeon)
  3845 | D:5      | Reached XP level 8. HP: 63/63 MP: 7/7
  4884 | D:6      | You fall through a shaft for 2 floors!
  5033 | D:8      | Reached skill level 9 in Crossbows
  5040 | D:8      | HP: 3/66 [killer bee (4)]
  5042 | D:8      | Slain by a killer bee

Vault maps used:
D:1:      minmay_arrival_four_loops
D:2:      first_bread, serial_park_tiny_1, item_on_display_a, uniq_natasha,
          uniq_iyjb
D:3:      lemuel_round_altar, lemuel_zombie_altar_yredelemnul,
          ecumenical_altar_1, serial_bayou_pond_e
D:4:      sigmund_edmund_badplayer
D:5:      minitemple
D:6:      minmay_temple_entry_junction
D:8:      kennysheep_boxes

Skill      XL: |  1  2  3  4  5  6  7  8 |
---------------+-------------------------+-----
Crossbows      | 5 6 7 8 9 |  9.0
Armour         | 1 2 3 |  3.7
Dodging        | 3 4 5 6 |  6.5
Stealth        | 1 2 |  2.0
Fighting       | 3 4 |  4.1
Throwing       | 1 2 |  2.0
Staves         | 1 2 |  2.2
Maces & Flails | 1 |  1.4
Polearms       | |  0.5

Action                   |  1- 3 |  4- 6 |  7- 9 || total
-------------------------+-------+-------+-------++-------
Melee: Mace              |    12 |    19 |       ||    31
       Headbutt          |     2 |    13 |     9 ||    24
       Quarterstaff      |       |    47 |    43 ||    90
       Morningstar       |       |     7 |    27 ||    34
       Trident           |       |       |    11 ||    11
 Fire: Hand crossbow     |    62 |    86 |    83 ||   231
Throw: Javelin           |     1 |    10 |     9 ||    20
Evoke: Wand              |       |       |     3 ||     3
  Use: Scroll            |       |     6 |     3 ||     9
       Potion            |       |       |     5 ||     5
 Stab: Sleeping          |       |       |     2 ||     2
  Eat: Chunk             |       |     7 |     5 ||    12
Armor: Leather armour    |    11 |       |       ||    11
       Ring mail         |     8 |    31 |       ||    39
       Robe              |       |    13 |    50 ||    63
Dodge: Dodged            |    37 |    50 |   132 ||   219
